 Dungeon Crawl Stone Soup version 0.31-a0-675-g238779eb0a (webtiles) character file.

Game seed: 8743356655123733475

1134 qw the Skirmisher (level 8, -3/50 HPs)
             Began as a Gargoyle Hunter on Sept 5, 2023.
             Slain by an orc wizard
             ... wielding a +0 dagger
              (4 damage)
             ... on level 4 of the Dungeon.
             The game lasted 00:01:11 (2911 turns).

qw the Skirmisher (Gargoyle Hunter)                 Turns: 2911, Time: 00:01:12

Health: -3/50      AC: 14    Str: 15    XL:     8   Next: 36%
Magic:  8/8        EV: 11    Int: 10    God:
Gold:   150        SH:  0    Dex: 15    Spells: 7/7 levels left

rFire   + . .        Y - +1 shortbow
rCold   . . .        (shield currently unavailable)
rNeg    + . .        d - +0 ring mail
rPois   inf          (helmet restricted)
rElec   +            (no cloak)
rCorr   .            c - +0 pair of gloves
SInv    .            g - +1 pair of boots
Will    .....        n - amulet of the acrobat
Stlth   +            (no ring)
HPRegen 0.28/turn    (no ring)
MPRegen 0.11/turn

%: random rage (3%), acrobat
@: no status effects
A: sickness immunity, AC +5, negative energy resistance 1, electricity
resistance, torment resistance 1, petrification resistance, antennae 1, berserk
1, fire resistance 1
a: no special abilities


You were on level 4 of the Dungeon.
You visited 1 branch of the dungeon, and saw 5 of its levels.

You collected 150 gold pieces.


Innate Abilities, Weirdness & Mutations

You are immune to sickness and miasma.
Your stone body is resilient. (AC +5)
You are immune to poison.
You resist negative energy. (rN+)
You are resistant to electric shocks. (rElec)
You are resistant to unholy torment.
You are immune to petrification.
You have a pair of small antennae on your head.
You sometimes lose your temper in combat.
Your flesh is heat resistant. (rF+)


   Skills:
 - Level 5.4 Fighting
 - Level 9.1 Ranged Weapons
 - Level 2.2 Armour
 + Level 1.5 Dodging
 - Level 1.1 Stealth


You had 7 spell levels left.
You didn't know any spells.
Your spell library was empty.

Inventory:

Hand Weapons
 Y - a +1 shortbow (weapon)
Armour
 c - a +0 pair of gloves (worn)
 d - a +0 ring mail (worn)
 g - a +1 pair of boots (worn)
Jewellery
 l - a ring of ice
 n - an amulet of the acrobat (around neck)
Potions
 a - a potion of attraction {unknown}
 b - a potion of enlightenment
 e - a potion of haste {unknown}
 f - a potion of might {unknown}
 h - a potion of degeneration {unknown}
 i - a potion of magic {unknown}
 k - a potion of curing {unknown}
 m - a potion of invisibility {unknown}

Dungeon Overview and Level Annotations

Branches:
Dungeon (5/15)
 Temple: D:4-7

Altars:

Shops:
D:2 =


Message History

Pikel hits you with a +1 whip of flaming.
You shoot an arrow. The arrow hits Pikel!
Pikel is severely wounded.
Pikel hits you but does no damage.
You shoot an arrow. The arrow barely misses Pikel.
The arrow barely misses the lemure.
The arrow hits the lemure.
The lemure is lightly wounded.
Pikel hits you with a +1 whip of flaming.
Pikel burns you.
You shoot an arrow.
The arrow hits Pikel but does no damage.
Pikel is severely wounded.
Pikel zaps a wand.
Your mind is blasted!
You shoot an arrow. The arrow hits Pikel.
Pikel is severely wounded.
Pikel waves his whip at you. Pikel barely misses you.
You shoot an arrow. The arrow hits Pikel.
Pikel is almost dead.
Pikel hits you but does no damage.
You shoot an arrow. The arrow hits Pikel.
Pikel is almost dead.
Pikel hits you with a +1 whip of flaming!
Pikel burns you.
You shoot an arrow.
The arrow hits Pikel but does no damage.
Pikel is almost dead.
Pikel barely misses you.
Pikel zaps a wand.
Your mind is blasted!
You shoot an arrow. The arrow hits Pikel.
Pikel is almost dead.
Pikel hits you with a +1 whip of flaming.
You shoot an arrow. The arrow hits Pikel.
You kill Pikel!
With Pikel's spell broken, his former minions thank you for their freedom.
The lemure departs this earthly plane. x4
Your Ranged Weapons skill gained 2 levels and is now at level 9!
You have reached level 8!
You feel clever.
You shoot an arrow. Something hits you.
You die...

#..............#..#.##
#
#.....##...##.#.#.###
#
#.....##.###.......%#
# .####.....##.#
##.#.#.#<# #
.[...........#
#.#.#.#.# #
.####...####.#
#.#.#.#.### ##.#.##
#(# #.#........
##..¤¤.###.#
#.#.#..>.##
#..#¤.¤{@..#
#.#.#.....#
#...¤¤¤#####
..#.##....# ....#[#.##
#.....#.# #####.#)#
####.#.# #.#.# #.#.#
...55 #.#.# # #). #.#
...# ....


There were no monsters in sight!

Vanquished Creatures
  Pikel (D:4)
  Grinder (D:3)
  Sigmund (D:3)
  2 scorpions
  An orc priest (D:5)
  An iguana (D:5)
  3 gnolls (D:2)
  3 adders
  An ufetubus (D:4)
  13 orcs
  3 endoplasms
  3 giant cockroaches
  12 goblins
  5 hobgoblins
  2 jackals (D:2)
  3 kobolds
  2 quokkas
  5 ball pythons
  5 bats
  4 frilled lizards
  7 rats
78 creatures vanquished.

Notes
Turn   | Place    | Note
-------+----------+-------------------------------------------
     0 | D:1      | qw the Gargoyle Hunter began the quest for the Orb.
     0 | D:1      | Reached XP level 1. HP: 12/12 MP: 1/1
     0 | D:1      | 0 ||| qw: Version: 0.3-a-75-g829b12e
     0 | D:1      | 0 ||| qw: Game counter: 142
     0 | D:1      | 0 ||| qw: Melee chars always use a shield: true
     0 | D:1      | 0 ||| qw: God list: Okawaru
     0 | D:1      | 0 ||| qw: Allow faded altars: false
     0 | D:1      | 0 ||| qw: Do Orc after clearing Dungeon:15 true
     0 | D:1      | 0 ||| qw: Do second Lair branch before Depths: true
     0 | D:1      | 0 ||| qw: Lair rune preference: random
     0 | D:1      | 0 ||| qw: Goals: Normal
     0 | D:1      | 0 ||| PLANNING D:1-11
   104 | D:1      | Reached XP level 2. HP: 17/17 MP: 2/2
   207 | D:1      | Found a faded altar of an unknown god.
   523 | D:1      | Reached XP level 3. HP: 21/21 MP: 3/3
   766 | D:1      | 766 ||| UPGRADING to +0 ring mail.
   776 | D:1      | 776 ||| DROPPING +0 leather armour.
   777 | D:1      | 777 ||| UPGRADING to +1 pair of boots.
   782 | D:1      | 782 ||| READING scroll labelled FIEWETW AMETOF.
   783 | D:1      | 783 ||| DRINKING 2 bubbling silvery potions.
   784 | D:1      | 784 ||| DROPPING scroll of butterflies.
   785 | D:1      | 785 ||| DROPPING potion of brilliance.
   828 | D:2      | Reached skill level 1 in Armour
   863 | D:2      | 863 ||| Stepping ~*~*~tactically~*~*~ (retreating).
   864 | D:2      | 864 ||| Stepping ~*~*~tactically~*~*~ (retreating).
   865 | D:2      | 865 ||| Stepping ~*~*~tactically~*~*~ (retreating).
   866 | D:2      | 866 ||| RETREATING.
   870 | D:2      | Reached skill level 5 in Ranged Weapons
   873 | D:2      | HP: 4/21 [gnoll/+0 spear (5)]
   877 | D:2      | Reached XP level 4. HP: 7/27 MP: 4/4
   982 | D:2      | Found Gompynk's Jewellery Shoppe.
   990 | D:2      | 990 ||| SHOPLISTING +6 ring of strength (432 gold, have
                  | 33).
   990 | D:2      | 990 ||| SHOPLISTING amulet of reflection (360 gold, have
                  | 33).
   990 | D:2      | 990 ||| SHOPLISTING amulet of regeneration (360 gold, have
                  | 33).
   990 | D:2      | 990 ||| SHOPLISTING ring "Lemobbuz" {rElec Will+ Str+8
                  | Int-5} (543 gold, have 33).
   990 | D:2      | 990 ||| SHOPLISTING ring of protection from cold (300 gold,
                  | have 33).
   990 | D:2      | 990 ||| SHOPLISTING ring of see invisible (180 gold, have
                  | 33).
  1132 | D:2      | Reached skill level 3 in Fighting
  1709 | D:2      | 1709 ||| UPGRADING to +0 helmet.
  1714 | D:2      | 1714 ||| UPGRADING to +0 pair of gloves.
  1719 | D:2      | 1719 ||| DROPPING ring of magical power.
  1720 | D:2      | 1720 ||| READING scroll labelled HYT DUGORIN.
  1721 | D:2      | 1721 ||| READING scroll labelled BIHAC SEEKIYH.
  1726 | D:2      | 1726 ||| DRINKING 2 silvery potions.
  1726 | D:2      | Gained mutation: You are vulnerable to cold. (rC-) [potion
                  | of mutation]
  1727 | D:2      | 1727 ||| DRINKING potion of mutation.
  1727 | D:2      | Lost mutation: You are vulnerable to cold. (rC-) [potion of
                  | mutation]
  1727 | D:2      | Gained mutation: You have a pair of small antennae on your
                  | head. [potion of mutation]
  1727 | D:2      | Gained mutation: You sometimes lose your temper in combat.
                  | [potion of mutation]
  1727 | D:2      | Gained mutation: Your flesh is heat resistant. (rF+)
                  | [potion of mutation]
  1728 | D:2      | 1728 ||| DROPPING +0 helmet.
  1743 | D:3      | Noticed Grinder
  1749 | D:3      | Paralysed by Grinder for 5 turns
  1759 | D:3      | HP: 6/28 [Grinder (8)]
  1762 | D:3      | Paralysed by Grinder for 4 turns
  1767 | D:3      | Killed Grinder
  1768 | D:3      | Reached skill level 6 in Ranged Weapons
  1768 | D:3      | Reached XP level 5. HP: 9/32 MP: 5/5
  1768 | D:3      | Reached XP level 6. HP: 11/37 MP: 6/6
  2071 | D:3      | Identified the +4 long sword "Neklax" {flame, Fly rC-
                  | Str+6}
  2163 | D:3      | Identified the +0 kite shield of the Yeti {Dex+3}
  2432 | D:3      | Noticed Sigmund
  2463 | D:3      | HP: 7/38 [something/magic dart (12)]
  2465 | D:3      | Killed Sigmund
  2466 | D:3      | Reached XP level 7. HP: 9/44 MP: 7/7
  2701 | D:3      | 2701 ||| UPGRADING to amulet of the acrobat.
  2706 | D:3      | 2706 ||| READING scroll labelled VEAVIHIGGE.
  2707 | D:3      | 2707 ||| DRINKING 2 ruby potions.
  2756 | D:4      | You fall into a shaft and drop 1 floor!
  2756 | D:5      | Entered Level 5 of the Dungeon
  2773 | D:5      | Reached skill level 7 in Ranged Weapons
  2822 | D:5      | 2822 ||| FLEEEEING.
  2823 | D:5      | 2823 ||| STAIRDANCE
  2880 | D:4      | Noticed Pikel
  2888 | D:4      | 2888 ||| Stepping ~*~*~tactically~*~*~ (retreating).
  2889 | D:4      | 2889 ||| Stepping ~*~*~tactically~*~*~ (retreating).
  2890 | D:4      | 2890 ||| Stepping ~*~*~tactically~*~*~ (retreating).
  2908 | D:4      | HP: 2/44 [disintegration (14)]
  2910 | D:4      | Killed Pikel
  2911 | D:4      | Reached skill level 9 in Ranged Weapons
  2911 | D:4      | Reached XP level 8. HP: 1/50 MP: 8/8
  2911 | D:4      | Slain by an orc wizard

Levels and vault maps discovered:
D:1:      eino_arrival_cavern_b, layout_loops_ring,
          shapermc_ecumenical_altar_ellora, dreamdust_princess_corridor,
          minmay_misc_feat_diagonals
D:2:      layout_basic, serial_shops, shop, serial_forest,
          infiniplex_forest_clump_small, infiniplex_forest_end_3,
          infiniplex_forest_lined_corner, infiniplex_forest_fountain,
          infiniplex_forest_lined_2, infiniplex_forest_straight_3
D:3:      layout_loops_ring, minmay_door_square, serial_bayou_crossing,
          uniq_grinder, uniq_sigmund
D:4:      layout_loops_ring, okawaru_metal_pillars_3, serial_bayou_pond_d,
          grunt_ministairs_2, uniq_menkaure, uniq_pikel, uniq_robin,
          uniq_natasha
D:5:      layout_rooms, mainiacjoe_overflow_brackets, lemuel_tele_altar

Skill      XL: |  1  2  3  4  5  6  7 |
---------------+----------------------+-----
Armour         | 1 2 |  2.2
Ranged Weapons | 5 6 9 |  9.1
Fighting       | 3 5 |  5.4
Dodging        | |  1.5
Stealth        | |  1.1

Action                     |  1- 3 |  4- 6 |  7- 9 || total
---------------------------+-------+-------+-------++-------
   Fire: Shortbow          |    96 |   123 |    82 ||   301
    Use: Scroll            |     1 |     2 |     1 ||     4
         Potion            |     1 |     2 |     1 ||     4
 Armour: Leather armour    |    24 |       |       ||    24
         Ring mail         |    13 |    54 |    34 ||   101
  Dodge: Dodged            |    40 |    28 |    29 ||    97

Table legend:
 A = Non-vault XP
 B = Vault XP
 C = Vault XP percentage of total XP
 D = Non-vault monster count
 E = Vault monster count
 F = Vault count percentage of total count
                 A         B        C        D         E       F
            +---------+---------+-------+---------+---------+-------
      Total |     450 |    1171 |  72.2 |      75 |       3 |   3.8
            +---------+---------+-------+---------+---------+-------
        D:1 |      38 |       0 |   0.0 |      23 |       0 |   0.0
        D:2 |      97 |       0 |   0.0 |      23 |       0 |   0.0
        D:3 |      95 |     498 |  84.0 |       8 |       2 |  20.0
        D:4 |      41 |     673 |  94.3 |      10 |       1 |   9.1
        D:5 |     179 |       0 |   0.0 |      11 |       0 |   0.0
            +---------+---------+-------+---------+---------+-------
